 Dungeon Crawl Stone Soup version 0.31-a0-431-g88bdf31460 (webtiles) character file.

Game seed: 7513504216341494981

338 Flugkiller the Ducker (level 6, 0/36 HPs)
             Began as a Deep Elf Shapeshifter on July 31, 2023.
             Was a Follower of Wu Jian.
             Slain by a gnoll
             ... wielding a +0 spear
              (1 damage)
             ... on level 4 of the Dungeon.
             The game lasted 00:04:20 (3486 turns).

Flugkiller the Ducker (Deep Elf Shapeshifter)       Turns: 3486, Time: 00:04:20

Health: 0/36       AC:  5    Str: 12    XL:     6   Next: 29%
Magic:  8/8        EV: 11    Int: 13    God:    Wu Jian [*.....]
Gold:   242        SH:  5    Dex: 17    Spells: 5/5 levels left

rFire   + .          .
                       - Unarmed
rCold   . . .        g - +0 buckler
rNeg    . . .        d - +0 ring mail
rPois   .            (helmet currently unavailable)
rElec   .            (cloak currently unavailable)
rCorr   .            (gloves currently unavailable)
SInv    .            (boots currently unavailable)
Will    .....        (no amulet)
Stlth   +            p - ring of protection from fire
HPRegen 0.26/turn    (no ring)
MPRegen 0.11/turn

%: no passive effects
@: lethally poisoned (0 -> -7), beast-form
A: beast (slay +2)
a: Begin Untransformation, Renounce Religion


You were on level 4 of the Dungeon.
You worshipped Wu Jian.
Wu Jian was aware of your devotion.
You were a hulking beast.
You visited 1 branch of the dungeon, and saw 4 of its levels.

You collected 242 gold pieces.

Inventory:

Hand Weapons
 e - a +0 rapier
   (You found it on level 1 of the Dungeon)
Armour
 d - a +0 ring mail (worn)
   (You found it on level 1 of the Dungeon)
 g - a +0 buckler (worn)
   (You found it on level 1 of the Dungeon)
 k - a +0 helmet
   (You found it on level 1 of the Dungeon)
 w - a +0 plate armour
   (You found it on level 3 of the Dungeon)
 y - a +0 pair of boots
   (You found it on level 3 of the Dungeon)
Jewellery
 p - a ring of protection from fire (left hand)
   (You took it off a hobgoblin on level 1 of the Dungeon)
Talismans
 c - a beast talisman (active)
Scrolls
 a - a scroll of fear {unknown}
 f - 2 scrolls of vulnerability
 h - a scroll of enchant weapon {unknown}
 j - a scroll of revelation {unknown}
 l - a scroll of poison {unknown}
 o - a scroll of immolation {unknown}
 r - a scroll of acquirement {unknown}
 s - a scroll of blinking {unknown}
 u - 2 scrolls of fog {unknown}
 v - a scroll of teleportation {unknown}
 x - a scroll of noise {unknown}
Potions
 b - 2 potions of lignification
 i - a potion of heal wounds {unknown}
 m - 2 potions of attraction
 n - a potion of cancellation {unknown}
 q - a potion of curing
 t - a potion of magic


   Skills:
 + Level 2.9 Fighting
 + Level 4.0 Dodging
 + Level 1.9 Shields
 + Level 3.2 Unarmed Combat
 + Level 4.0 Shapeshifting


You had 5 spell levels left.
You didn't know any spells.
Your spell library was empty.

Dungeon Overview and Level Annotations

Branches:
Dungeon (4/15) Zot: 20514
 Temple: D:4-7

Altars:
Wu Jian

Shops:
D:1 !   D:4 (


Message History

You hit the endoplasm.
The endoplasm is heavily wounded.
The endoplasm freezes you.
You are frozen.
You hit the endoplasm.
The endoplasm is almost dead.
The endoplasm closely misses you.
You hit the endoplasm.
You kill the endoplasm!
The Council accepts your kill.
No target in view!
A giant cockroach comes into view.
A giant cockroach is nearby!
A giant cockroach is nearby!
Found 14 gold pieces.
The giant cockroach bites you.
You hit the giant cockroach.
The giant cockroach is moderately wounded.
The giant cockroach closely misses you.
You hit the giant cockroach.
You kill the giant cockroach!
The Council accepts your kill.
No target in view!
No target in view!
No target in view!
No target in view!
No target in view!
Found a scale mail.
No target in view!
Found a stone staircase leading down.
You now have 242 gold pieces (gained 14).
A gnoll comes into view. It is wielding a +0 flail.
The gnoll shouts!
You hear a shout!
The gnoll moves out of view.
A gnoll comes into view. It is wielding a +0 whip.
A gnoll comes into view. It is wielding a +0 spear.
The gnoll shouts!
You lunge at the gnoll.
You hit the gnoll but do no damage. The gnoll misses you.
You hit the gnoll.
The gnoll is lightly wounded.
The gnoll hits you with a +0 whip! The gnoll hits you but does no damage.
You hit the gnoll.
The gnoll is moderately wounded.
The gnoll barely misses you. The gnoll hits you but does no damage.
A gnoll comes into view. It is wielding a +0 spear.
You hit the gnoll.
The gnoll is heavily wounded.
You block the gnoll's attack.
The gnoll hits you from afar with a +0 spear.
You punch the gnoll!
You kill the gnoll!
The Council accepts your kill. The gnoll closely misses you.
You hit the gnoll.
The gnoll is heavily wounded.
The gnoll barely misses you.
The gnoll hits you from afar with a +0 spear!
You are too injured to fight recklessly!
You are too injured to fight recklessly!
You are too injured to fight recklessly!
The gnoll attacks as you move away! The gnoll closely misses you.
You closely miss the gnoll.
The gnoll is heavily wounded.
The gnoll completely misses you.
You hit the gnoll but do no damage.
The gnoll is heavily wounded.
You hit the gnoll.
The gnoll is severely wounded.
The gnoll hits you but does no damage. The gnoll barely misses you.
You hit the gnoll.
The gnoll is severely wounded.
You block the gnoll's attack. The gnoll hits you with a +0 flail.
You barely miss the gnoll.
The gnoll is severely wounded.
The gnoll hits you from afar with a +0 spear.
* * * LOW HITPOINT WARNING * * *
The gnoll hits you with a +0 flail!
* * * LOW HITPOINT WARNING * * *
You feel better.
The gnoll hits you from afar with a +0 spear.
* * * LOW HITPOINT WARNING * * *
The gnoll hits you with a +0 flail.
* * * LOW HITPOINT WARNING * * *
Okay, then.
You hit the gnoll.
You kill the gnoll!
The Council accepts your kill. You block the gnoll's attack.
Found an escape hatch in the ceiling.
An adder comes into view.
The adder hisses angrily.
You hit the adder.
The adder is lightly wounded.
The adder bites you.
* * * LOW HITPOINT WARNING * * *
You are lethally poisoned!
The adder poisons you!
The gnoll hits you from afar with a +0 spear.
You die...

#.#.##.#.....####
#.#.# #.#.##.###.###
#.#.# #.#...<# #.#
### #.#.# ....####
#.# #.. #.#.# ..#.#
#.# #.# #.#.#
.##.### #.# #.#
#.#.# .##...##
#.######.# #...#
#.....#
#.....S..########..#
#.#.#.#
#h.gg......).#
#.....#
##.#########.#
#.#.#.# #.# #.#
#.....# #.# #g#
##....# #.# ..#
#.#### ### #.## #..#
#. ####.# #. .....#
#.


You could see 2 gnolls and an adder.

Vanquished Creatures
  An ice beast (D:4)
  Natasha (thrice) (D:2)
  4 gnolls
  An adder (D:2)
  2 worms
  A dart slug (D:2)
  17 orcs
  11 ball pythons
  5 endoplasms
  3 giant cockroaches
  5 goblins
  6 hobgoblins
  6 jackals
  13 kobolds
  5 quokkas
  3 bats
  4 frilled lizards
  6 rats
96 creatures vanquished.

Notes
Turn   | Place    | Note
-------+----------+-------------------------------------------
     0 | D:1      | Flugkiller the Deep Elf Shapeshifter began the quest for
                  | the Orb.
     0 | D:1      | Reached XP level 1. HP: 11/11 MP: 3/3
    56 | D:1      | Reached skill level 1 in Fighting
    74 | D:1      | Reached XP level 2. HP: 15/17 MP: 4/4
   147 | D:1      | Found Kiamow's Distillery.
   619 | D:1      | Reached XP level 3. HP: 16/21 MP: 5/5
  1211 | D:2      | Noticed Natasha
  1218 | D:2      | Killed Natasha
  1219 | D:2      | Reached XP level 4. HP: 14/26 MP: 6/6
  1474 | D:2      | Reached skill level 1 in Shields
  1479 | D:2      | Noticed Natasha
  1488 | D:2      | Killed Natasha
  1538 | D:2      | Noticed Natasha
  1546 | D:2      | Killed Natasha
  1547 | D:2      | Reached XP level 5. HP: 26/31 MP: 7/7
  2496 | D:3      | Found a faded altar of an unknown god.
  2575 | D:3      | Prayed at the altar of an unknown god.
  2575 | D:3      | Became a worshipper of the Wu Jian Council
  2575 | D:3      | Reached * piety under Wu Jian
  2999 | D:4      | Noticed an ice beast
  3067 | D:4      | Killed an ice beast
  3068 | D:4      | Reached XP level 6. HP: 4/36 MP: 8/8
  3354 | D:4      | Found Cecibradgh's Weapon Shoppe.
  3486 | D:4      | HP: 1/36 [adder (4)]
  3486 | D:4      | Slain by a gnoll

Illustrated notes

Levels and vault maps discovered:
D:1:      dpeg_arrival_court, layout_loops_ring, serial_shops, shop,
          minmay_tetromino_t4
D:2:      wad_woods_tower, layout_loops_corners, minmay_circle_x, uniq_natasha
D:3:      layout_basic, basic_ecumenical_altar
D:4:      layout_loops_ring, serial_co_window_serial,
          co_window_of_opportunity_a, co_window_corner_a,
          co_window_of_opportunity_a, co_window_paths_a, co_window_paths_a,
          co_window_broadway_c, co_window_2corner, co_window_of_opportunity_b,
          glass_columns_c, glass_columns_a, glass_columns_a, serial_shops,
          shop_fountains

Skill      XL: |  1  2  3  4  5 |
---------------+----------------+-----
Fighting       | 1 2 |  2.9
Dodging        | 3 4 |  4.0
Shields        | 1 |  1.9
Unarmed Combat | 3 |  3.2
Shapeshifting  | 4 |  4.0

Action                     |  1- 3 |  4- 6 || total
---------------------------+-------+-------++-------
  Melee: Unarmed           |   147 |   160 ||   307
Ability: Lunge             |       |     7 ||     7
         Whirlwind         |       |     1 ||     1
  Evoke: Wand              |       |     3 ||     3
    Use: Potion            |       |     4 ||     4
         Scroll            |       |     2 ||     2
 Armour: Ring mail         |    46 |    24 ||    70
         Animal skin       |     4 |       ||     4
  Dodge: Dodged            |    70 |    52 ||   122
  Block: Buckler           |    13 |    23 ||    36

Table legend: (Time is in decaauts)
 A = Elapsed time spent in this place.
 B = Non-inter-level travel time spent in this place.
 C = Inter-level travel time spent in this place.
 D = Time resting spent in this place.
 E = Time spent auto-exploring this place.
 F = Levels seen in this place.
 G = Mean time per level.
                   A        B        C        D        E       F      G
               +--------+--------+--------+--------+--------+-----+--------+
         Total |   3485 |   3404 |     81 |    561 |   2070 |   4 |  871.2 |
       Dungeon |   3485 |   3404 |     81 |    561 |   2070 |   4 |  871.2 |
               +--------+--------+--------+--------+--------+-----+--------+

Top non-repeatable levels by time:
     D:2: 1239 daAuts
     D:1: 939 daAuts
     D:3: 669 daAuts
     D:4: 636 daAuts
